cohdb
Replays
Latest Replays
All Replays
Popular Replays
Top Player Replays
Match Explorer
How It Works
Community
CoH3 Stats
Reddit
Sign in to upload your games and track your stats! →
Sign in with Steam
Match 38270611
Unlisted
Match 38270611
Overview
Messages
Build Orders
End
Construct Section Command Post
Infantry Section
Infantry Section
Infantry Section
Infantry Section
Construct Platoon Command Post
Humber Armored Car
Infantry Training
Selects Air and Sea Battlegroup
Selects Air and Sea Battlegroup
Selects Supply Surplus
Construct Resource Cache
Construct Resource Cache
Construct Resource Cache
Construct Company Command Post
Selects Centaur Medium Tank
Unlock M3 Grant Medium Tanks
Selects Assault Flares
Assault Flares
Construct Resource Cache
Construct Resource Cache
M3 Grant Medium Tank
Assault Flares
lattouf
ohmygod321
Alfonso
KevinTDW
0
0
Comments
sign in to comment!
No comments posted yet!